 Dungeon Crawl Stone Soup version 0.31.0-12-g77e489cdc1 (webtiles) character file.

Game seed: 5354418423498259867

26593 ssalbiz the Thaumaturge (level 12, -4/71 HPs)
             Began as a Deep Elf Conjurer on Feb 19, 2024.
             Was a High Priest of Vehumet.
             Killed from afar by a steam dragon (9 damage)
             ... with a ball of steam
             ... on level 3 of the Lair of Beasts.
             The game lasted 00:50:56 (17657 turns).

ssalbiz the Thaumaturge (Deep Elf Conjurer)        Turns: 17657, Time: 00:50:56

Health: -4/71      AC: 11    Str:  4    XL:     12   Next: 99%
Magic:  18/30      EV: 16    Int: 40    God:    Vehumet [*****.]
Gold:   1324       SH:  5    Dex: 13    Spells: 5/35 levels left

rFire   . . .        n - +1 falchion of Venaed {freeze, Int+3}
rCold   . . .        (no shield)
rNeg    . . .        H - +4 robe of Folly {Brill Will-∞ Int+8}
rPois   .            o - +2 helmet
rElec   .            (no cloak)
rCorr   .            (no gloves)
SInv    +            v - +0 pair of boots
Will    .....        g - amulet of reflection
Stlth   +++          A - ring of wizardry
HPRegen 0.31/turn    O - ring of see invisible
MPRegen 0.22/turn

%: reflection, wizardry (x1)
@: no status effects
A: no striking features
a: Renounce Religion


You were on level 3 of the Lair of Beasts.
You worshipped Vehumet.
Vehumet was extremely pleased with you.
You visited 3 branches of the dungeon, and saw 15 of its levels.
You also visited: Bailey.

You collected 1499 gold pieces.
You spent 175 gold pieces at shops.

Inventory:

Hand Weapons
 n - the +1 falchion of Venaed (weapon) {freeze, Int+3}
   (You found it on level 2 of the Dungeon)

   Int+3:     It affects your intelligence (+3).
 p - the +5 whip "Japnamira" {flame, rC+ Stlth+}
   (You took it off a kobold in a bailey)

   rC+:       It protects you from cold.
   Stlth+:    It makes you more stealthy.
Missiles
 G - 4 throwing nets
Armour
 a - a +0 robe
 h - an orb of guile
 o - a +2 helmet (worn)
 v - a +0 pair of boots (worn)
 H - the +4 robe of Folly (worn) {Brill Will-∞ Int+8}
   (You took it off a kobold in a bailey)

   Brill:     It increases the power of your magical spells and halves their MP
   cost (rounding up).
   Will-∞: It reduces your willpower to zero.
   Int+8:     It affects your intelligence (+8).
Jewellery
 g - an amulet of reflection (around neck)
 A - a ring of wizardry (left hand)
 I - an amulet of magic regeneration
 O - a ring of see invisible (right hand)
 P - a ring of resist corrosion
Wands
 x - a wand of iceblast (5)
 F - a wand of mindburst (16)
 Q - a wand of quicksilver (4)
 S - a wand of digging (7)
 T - a wand of flame (5)
Scrolls
 c - 6 scrolls of teleportation {unknown}
 e - a scroll of torment {unknown}
 f - a scroll of vulnerability
 j - 5 scrolls of fog {unknown}
 l - a scroll of poison {unknown}
 m - 2 scrolls of noise {unknown}
 u - a scroll of brand weapon {unknown}
 y - 4 scrolls of immolation
 z - 3 scrolls of enchant armour
 C - 2 scrolls of enchant weapon {unknown}
 J - a scroll of blinking {unknown}
 M - a scroll of amnesia {unknown}
 R - a scroll of fear {unknown}
 U - a scroll of silence {unknown}
Potions
 b - a potion of magic
 d - 2 potions of mutation
 i - 2 potions of berserk rage
 k - 2 potions of cancellation
 q - 3 potions of curing
 r - a potion of resistance
 s - 3 potions of might
 t - 2 potions of haste
 w - 2 potions of brilliance
 B - 7 potions of enlightenment
 D - a potion of invisibility
 E - a potion of degeneration {unknown}
 K - 2 potions of attraction
 N - 2 potions of lignification


   Skills:
 + Level 6.4 Fighting
 + Level 5.7 Armour
 + Level 10.6 Dodging
 - Level 7.0 Stealth
 - Level 12.1 Spellcasting
 - Level 10.7 Conjurations
 - Level 6.0 Translocations
 - Level 2.8 Fire Magic
 + Level 6.1 Ice Magic
 + Level 5.6 Air Magic
 - Level 5.4 Earth Magic


You had 5 spell levels left.
You knew the following spells:

 Your Spells              Type           Power      Damage    Failure   Level
a - Magic Dart            Conj           100%       1d8       0%          1
b - Searing Ray           Conj           100%       2d8       0%          2
c - Stone Arrow           Conj/Erth      100%       3d13      1%          3
d - Blink                 Tloc           100%       N/A       1%          2
e - Iskenderun's Mystic   Conj/Tloc      95%        2d18      1%          4
f - Brom's Barrelling Bo  Conj/Erth      93%        2d10      1%          4
g - Mephitic Cloud        Conj/Alch/Air  80%        N/A       1%          3
h - Scorch                Fire           100%       2d9       1%          2
i - Freezing Cloud        Conj/Ice/Air   45%        6-21      1%          5
j - Sticky Flame          Fire/Alch      52%        2d9       1%          4

Your spell library contained the following spells:

 Spells                   Type           Power      Damage    Failure   Level
 Sandblast                Erth           100%       2d20      1%          1
 Slow                     Hex            100%       N/A       1%          1
 Ensorcelled Hibernation  Hex/Ice        100%       N/A       1%          2
 Lesser Beckoning         Tloc           100%       N/A       1%          2
 Mercury Vapours          Alch/Air       100%       N/A       1%          2
 Momentum Strike          Conj/Tloc      100%       3d10      1%          2
 Sublimation of Blood     Necr           36%        N/A       1%          2
 Call Canine Familiar     Summ           36%        N/A       1%          3
 Confusing Touch          Hex            36%        N/A       1%          3
 Fugue of the Fallen      Necr           36%        N/A       1%          3
 Hailstorm                Conj/Ice       95%        3d15      1%          3
 Passwall                 Erth           80%        N/A       1%          3
 Sigil of Binding         Hex            36%        N/A       1%          3
 Summon Ice Beast         Ice/Summ       64%        N/A       1%          3
 Vampiric Draining        Necr           36%        2d8       1%          3
 Volatile Blastmotes      Fire/Tloc      100%       2d18      1%          3
 Dimensional Bullseye     Hex/Tloc       32%        N/A       1%          4
 Fulminant Prism          Conj/Alch      39%        3d17      1%          4
 Petrify                  Alch/Erth      62%        N/A       1%          4
 Irradiate                Conj/Alch      39%        3d24      1%          5
 Anguish                  Hex/Necr       18%        N/A       6%          4
 Sculpt Simulacrum        Ice/Alch       32%        N/A       24%         6


Dungeon Overview and Level Annotations

Branches:
Dungeon (11/15)            Temple (1/1) D:7            Lair (3/5) D:10
  Swamp (0/4) Lair:2       Spider (0/4) Lair:2          Orc (0/2) D:11
 Bailey (visited)

Altars:
Ashenzari
Cheibriados
Dithmenos
Elyvilon
Fedhas
Gozag
Hepliaklqana
Kikubaaqudgha
Makhleb
Nemelex Xobeh
Okawaru
Qazlal
Ru
Sif Muna
Trog
Uskayaw
Vehumet
Wu Jian
Xom
Yredelemnul
Zin
The Shining One

Shops:
D:5 ?

Annotations:
D:2 1 runed translucent door, exclusion: door, Crazy Yiuf
Lair:1 2 runed translucent doors, exclusion: 2 doors, LoggersVIII's ghost, journeyman OpEE
Lair:2 1 runed translucent door, exclusion: door, octoduck's ghost, journeyman FeSu


Message History

Aim: a steam dragon (heavily wounded)
You feel a surge of power!
The sentinel's mark upon you fades away.
The steam dragon is engulfed in freezing vapours. x2
You kill the steam dragon!
Vehumet accepts your kill.
You feel your power returning.
Unknown command.
A steam dragon comes into view.
The steam dragon is engulfed in freezing vapours.
The steam dragon breathes steam at you. The ball of steam hits you!!
A basilisk comes into view.
The steam dragon is engulfed in freezing vapours.
The steam dragon breathes steam at you. The ball of steam misses you.
The steam dragon breathes steam at you.
The ball of steam hits the steam dragon!
The steam dragon resists.
The ball of steam hits you!!
* * * LOW HITPOINT WARNING * * *
The basilisk gazes at you.
You struggle to resist.
The steam dragon breathes steam at you.
The ball of steam hits the steam dragon.
The steam dragon resists.
The ball of steam misses you.
Okay, then.
Unknown command.
Unknown command.
Unknown command.
Casting: Freezing Cloud (mildly dangerous; 1% risk of failure)
Confirm with . or Enter, or press ? or * to list all spells.
Aiming: Freezing Cloud (mildly dangerous; 1% risk of failure)
Press: ? - help, Dir - move target You feel a surge of power!
The steam dragon hisses angrily.
The basilisk is engulfed in freezing vapours.
The basilisk seems to slow down.
The steam dragon breathes steam at you. The ball of steam hits you!
You die...

### #...........# #..#...
#.P##...PP.#...#####.#...
>..§....#......#.##.....
#§§§P.#.§.........#..#
#.§§#.§..#§....#PP#..#
.###...§§DD.l§...######..
.......§#§§§§....# .#.
.###....§#D#§#.P..# ###.
#.....@..§§§....# .#
##.#...######..P# ###.§.#
#...# #.... ##.[.# #.....
##.# #..##.# ...# .P
..... ..#


You could see a basilisk (slow) and 3 steam dragons.

Vanquished Creatures
  Harold (Lair:2)
  A hydra (Lair:2)
  2 ghost crabs (Lair:2)
  2 two-headed ogres
  5 death yaks (Lair:3)
  An orc knight (Bailey)
  2 manticores
  A cyclops (D:11)
  2 black mambas
  2 rime drakes
  An unseen horror zombie (D:8)
  4 komodo dragons
  A kobold demonologist (D:10)
  3 cane toads
  An unseen horror (D:11)
  4 trolls
  2 polar bears
  2 hornets
  2 wyverns
  2 shadows (D:11)
  Sigmund (D:4)
  3 wraiths
  29 yaks
  4 steam dragons
  2 basilisks
  3 acid dragons
  A water moccasin (Lair:1)
  2 sky beasts (D:7)
  A spectral polar bear (Lair:2)
  9 orc warriors
  7 ice beasts
  2 black bears
  3 centaurs
  A wolf (D:10)
  A phantom (D:6)
  8 kobold brigands
  A spectral basilisk (Lair:2)
  4 necrophages (D:8)
  10 bullfrogs
  2 gnoll sergeants
  10 scorpions
  3 wights (D:9)
  10 killer bees
  4 electric eels (D:11)
  4 howler monkeys
  2 bombardier beetles
  3 hounds
  7 orc priests
  A sleepcap (D:7)
  Terence (D:2)
  2 iguanas (D:7)
  7 orc wizards
  2 killer bee zombies (D:8)
  Robin (D:3)
  13 gnolls
  11 adders
  3 shadow imps
  2 white imps
  A ribbon worm (D:3)
  2 dart slugs (D:2)
  39 orcs
  8 endoplasms
  3 giant cockroaches
  9 hobgoblins
  4 jackals (D:2)
  2 quokkas
  5 ball pythons
  13 bats
  5 frilled lizards
  22 goblins
  55 kobolds
  2 rats
391 creatures vanquished.

Vanquished Creatures (collateral kills)
  4 boulders
4 creatures vanquished.

Vanquished Creatures (others)
  A steam dragon (Lair:3)
  2 boulders
3 creatures vanquished.

Grand Total: 398 creatures vanquished

Notes
Turn   | Place    | Note
-------+----------+-------------------------------------------
     0 | D:1      | ssalbiz the Deep Elf Conjurer began the quest for the Orb.
     0 | D:1      | Reached XP level 1. HP: 10/10 MP: 6/6
   312 | D:1      | Reached XP level 2. HP: 15/15 MP: 4/8
   315 | D:1      | Learned a level 2 spell: Searing Ray
   406 | D:1      | Found a faded altar of an unknown god.
   856 | D:2      | Identified the +1 falchion of Venaed {freeze, Int+3}
   897 | D:2      | Found a runed translucent door.
   898 | D:2      | Noticed Crazy Yiuf
  1034 | D:2      | Reached skill level 4 in Spellcasting
  1034 | D:2      | Reached skill level 5 in Conjurations
  1034 | D:2      | Reached XP level 3. HP: 19/19 MP: 5/10
  1385 | D:2      | Reached XP level 4. HP: 24/24 MP: 6/12
  1531 | D:2      | Noticed Terence
  1641 | D:2      | Killed Terence
  1642 | D:2      | Reached skill level 5 in Spellcasting
  1819 | D:2      | Found a shimmering altar of Xom.
  2140 | D:3      | Found a burning altar of Makhleb.
  2140 | D:3      | Noticed a cacodemon
  2150 | D:3      | Noticed Robin
  2164 | D:3      | Killed Robin
  2165 | D:3      | Reached XP level 5. HP: 22/28 MP: 2/14
  2469 | D:3      | Learned a level 3 spell: Stone Arrow
  2792 | D:3      | Found a basalt altar of Yredelemnul.
  3036 | D:3      | Reached skill level 1 in Earth Magic
  3230 | D:4      | Noticed Sigmund
  3235 | D:4      | Killed Sigmund
  3236 | D:4      | Reached skill level 6 in Spellcasting
  3236 | D:4      | Reached XP level 6. HP: 32/32 MP: 10/17
  3479 | D:4      | Found a snail-covered altar of Cheibriados.
  3479 | D:4      | Found a stormy altar of Qazlal.
  3480 | D:4      | Found a broken altar of Ashenzari.
  3957 | D:4      | Learned a level 2 spell: Blink
  3997 | D:5      | Entered Level 5 of the Dungeon
  3997 | D:5      | Noticed an ice beast
  4026 | D:5      | Reached skill level 7 in Spellcasting
  4026 | D:5      | Reached XP level 7. HP: 36/36 MP: 8/19
  4372 | D:5      | Reached skill level 8 in Spellcasting
  4438 | D:5      | Reached XP level 8. HP: 33/41 MP: 16/22
  4463 | D:5      | Reached skill level 5 in Earth Magic
  4654 | D:5      | Found the +11 Singing Sword {sonic wave}
  4971 | D:5      | Found The Oracle's Delphic Readings.
  4976 | D:5      | Bought a scroll of enchant armour for 97 gold pieces
  4976 | D:5      | Bought a scroll of vulnerability for 52 gold pieces
  4976 | D:5      | Bought a scroll of identify for 26 gold pieces
  5333 | D:6      | Learned a level 4 spell: Iskenderun's Mystic Blast
  5574 | D:6      | Reached skill level 9 in Spellcasting
  6047 | D:6      | Reached skill level 1 in Translocations
  6598 | D:7      | Learned a level 4 spell: Brom's Barrelling Boulder
  6685 | D:7      | Found a staircase to the Ecumenical Temple.
  6698 | D:7      | Reached XP level 9. HP: 45/45 MP: 13/24
  6872 | Temple   | Found a transporter.
  6872 | Temple   | Found a transporter.
  6872 | Temple   | Found a transporter.
  6872 | Temple   | Found a transporter.
  6872 | Temple   | Entered the Ecumenical Temple
  6939 | Temple   | Became a worshipper of Vehumet
  7293 | D:7      | Reached skill level 5 in Stealth
  7441 | D:7      | Found a glowing golden altar of the Shining One.
  7646 | D:7      | Reached skill level 10 in Spellcasting
  7976 | D:8      | Reached skill level 5 in Dodging
  8060 | D:8      | Reached skill level 1 in Fighting
  8256 | D:8      | Found a blossoming altar of Fedhas.
  8529 | D:8      | Reached XP level 10. HP: 21/53 MP: 22/26
  8663 | D:8      | Noticed a two-headed ogre
  8670 | D:8      | Killed a two-headed ogre
  9154 | D:8      | Reached * piety under Vehumet
  9154 | D:8      | Offered knowledge of Shock by Vehumet.
  9215 | D:8      | Reached skill level 5 in Translocations
  9327 | D:8      | Reached skill level 11 in Spellcasting
  9779 | D:9      | Learned a level 3 spell: Mephitic Cloud
  9969 | D:9      | Reached skill level 10 in Conjurations
  9994 | D:9      | Noticed a two-headed ogre
  9998 | D:9      | Killed a two-headed ogre
  9999 | D:9      | Reached skill level 1 in Armour
 10301 | D:9      | Noticed a manticore
 10323 | D:9      | Killed a manticore
 10468 | D:9      | Offered knowledge of Scorch by Vehumet.
 10471 | D:9      | Reached ** piety under Vehumet
 10531 | D:9      | Learned a level 2 spell: Scorch
 10652 | D:9      | Reached XP level 11. HP: 56/60 MP: 19/28
 11018 | D:10     | Entered Level 10 of the Dungeon
 11181 | D:10     | Reached skill level 1 in Fire Magic
 11285 | D:10     | Found a staircase to the Lair.
 11464 | D:10     | Offered knowledge of Frozen Ramparts by Vehumet.
 11485 | D:10     | Found a flagged portal.
 11498 | Bailey   | Entered a bailey
 11548 | Bailey   | Identified the +5 whip "Japnamira" {flame, rC+ Stlth+}
 11555 | Bailey   | Reached *** piety under Vehumet
 11584 | Bailey   | Noticed an orc knight
 11943 | Bailey   | Killed an orc knight
 12647 | D:10     | Offered knowledge of Ignite Poison by Vehumet.
 12997 | D:10     | Reached skill level 12 in Spellcasting
 13340 | D:11     | Learned a level 5 spell: Freezing Cloud
 13407 | D:11     | Reached skill level 1 in Ice Magic
 13407 | D:11     | Reached skill level 1 in Air Magic
 13571 | D:11     | Reached **** piety under Vehumet
 13591 | D:11     | Offered knowledge of Sticky Flame by Vehumet.
 13785 | D:11     | Found a staircase to the Orcish Mines.
 14147 | D:11     | Noticed a phantasmal warrior
 14618 | Lair:1   | Entered Level 1 of the Lair of Beasts
 14778 | Lair:1   | Reached skill level 5 in Fighting
 14982 | Lair:1   | Found a blossoming altar of Fedhas.
 15010 | Lair:1   | Reached XP level 12. HP: 68/68 MP: 26/30
 15015 | Lair:1   | Learned a level 4 spell: Sticky Flame
 15273 | Lair:1   | Found a large runed translucent door.
 15273 | Lair:1   | Found a large runed translucent door.
 15314 | Lair:1   | Noticed LoggersVIII's ghost (journeyman OpEE)
 16000 | Lair:2   | Noticed Harold
 16006 | Lair:2   | Killed Harold
 16162 | Lair:2   | Noticed a seven-headed hydra
 16167 | Lair:2   | Killed a seven-headed hydra
 16237 | Lair:2   | Found a hole to the Spider Nest.
 16387 | Lair:2   | Found a runed translucent door.
 16393 | Lair:2   | Noticed octoduck's ghost (journeyman FeSu)
 16588 | Lair:2   | Found a staircase to the Swamp.
 16588 | Lair:2   | Noticed a ghost crab
 16588 | Lair:2   | Noticed a ghost crab
 16595 | Lair:2   | Killed a ghost crab
 16596 | Lair:2   | Reached skill level 5 in Armour
 16596 | Lair:2   | Reached skill level 5 in Ice Magic
 16600 | Lair:2   | Killed a ghost crab
 16601 | Lair:2   | Reached skill level 10 in Dodging
 17453 | Lair:3   | Noticed a death yak
 17453 | Lair:3   | Noticed a death yak
 17455 | Lair:3   | Noticed a death yak
 17475 | Lair:3   | Noticed a death yak
 17481 | Lair:3   | Killed a death yak
 17482 | Lair:3   | Reached skill level 5 in Air Magic
 17484 | Lair:3   | Killed a death yak
 17486 | Lair:3   | Noticed a death yak
 17487 | Lair:3   | Killed a death yak
 17488 | Lair:3   | Killed a death yak
 17493 | Lair:3   | Killed a death yak
 17652 | Lair:3   | Reached ***** piety under Vehumet
 17657 | Lair:3   | Killed from afar by a steam dragon

Illustrated notes

Levels and vault maps discovered:
D:1:      lightli_arrival_flooded_house, layout_loops_ring,
          shapermc_ecumenical_altar_venn
D:2:      layout_loops_ring, basic_altar, uniq_terence, uniq_crazy_yiuf_cottage
D:3:      layout_rooms, makhleb_altar_promises_db,
          mainiacjoe_overflow_small_starburst, chequers_jeans, uniq_robin
D:4:      layout_gridville, gammafunk_temple_overflow_claw,
          nicolae_houndstooth_variations, uniq_sigmund
D:5:      old_forge, layout_rooms, nicolae_nh_oracle_at_delphi
D:6:      layout_layer_cave
D:7:      kennysheep_spiral_hall, layout_basic, nicolae_tso_swordbearing_angel,
          minmay_temple_entry_stoned_glass
D:8:      layout_basic, fedhas_altar_decomposition
D:9:      layout_irregular_city
D:10:     layout_basic, hellmonk_lair_entry_icy, enter_bailey_4
D:11:     layout_basic, david_orc_4, wad_dig_loot
Temple:   hellmonk_temple_divided_pantheon
Lair:1:   layout_cave_pods, basic_altar, ebering_ghost_disaster_area,
          beast_lair_carwin_11
Lair:2:   layout_concentric_octagons, nicolae_swamp_entry_spooky,
          spider_nest_entry_web_field, ebering_ghost_inner_flame,
          lemuel_fruit_tree, uniq_harold
Lair:3:   layout_loops_ring, enter_volcano_2, nicolae_quartered_pool_medium,
          minivault_24, bobbens_dragon_lair_wall, grunt_megastairs_2

Skill      XL: |  1  2  3  4  5  6  7  8  9 10 11 12 |
---------------+-------------------------------------+-----
Spellcasting   | 4 5 6 7 8 9 10 11 12 | 12.1
Conjurations   | 5 6 7 8 9 10 | 10.7
Earth Magic    | 2 3 4 5 |  5.4
Stealth        | 4 6 7 |  7.0
Translocations | 2 4 6 |  6.0
Dodging        | 3 5 7 9 10 | 10.6
Fighting       | 1 3 5 6 |  6.4
Armour         | 1 4 5 |  5.7
Fire Magic     | 2 |  2.8
Ice Magic      | 3 6 |  6.1
Air Magic      | 3 5 |  5.6

Action                     |  1- 3 |  4- 6 |  7- 9 | 10-12 || total
---------------------------+-------+-------+-------+-------++-------
  Melee: Unarmed           |     1 |       |       |       ||     1
         Dagger            |     2 |     1 |       |       ||     3
         Falchion          |       |     5 |    22 |     5 ||    32
  Throw: Throwing net      |       |       |       |     2 ||     2
         Dart              |       |       |       |     2 ||     2
   Cast: Magic Dart        |    45 |    79 |    54 |    82 ||   260
         Searing Ray       |     4 |    13 |    16 |     9 ||    42
         Stone Arrow       |       |     8 |    61 |   247 ||   316
         Brom's Barrelling |       |       |     4 |     4 ||     8
         Blink             |       |       |       |     5 ||     5
         Mephitic Cloud    |       |       |       |     2 ||     2
         Freezing Cloud    |       |       |       |    47 ||    47
         Scorch            |       |       |       |     5 ||     5
  Evoke: Wand              |       |       |       |     4 ||     4
    Use: Scroll            |       |       |     9 |     4 ||    13
         Potion            |       |       |       |     2 ||     2
   Stab: Sleeping          |     2 |     2 |       |       ||     4
 Armour: Robe              |     2 |    19 |    41 |    95 ||   157
  Dodge: Dodged            |     1 |    12 |    45 |    84 ||   142
  Block: Other             |       |       |     7 |    25 ||    32
         Reflection        |       |       |     1 |     3 ||     4
